[Event "Titled Tuesday Blitz August 15 Early 2023"]
[White "Hristodoulou, Panagiotis"]
[Black "Lach, Aleksandra"]
[WhiteFideId "4214340"]
[BlackFideId "1134299"]
[WhiteElo "2515"]
[BlackElo "2383"]
[Result "0-1"]
[Round "6"]
[TimeControl "180+1"]
[Date "2023.08.15"]
[WhiteClock "0:00:02"]
[BlackClock "0:00:04"]
[Board "112"]

1. e4 c6 2. d4 d5 3. e5 Bf5 4. Nf3 e6 5. Be2 c5 6. O-O Nc6 7. Be3 cxd4 8. Bxd4 Be7 9. c4 dxc4 10. Nc3 Nh6 11. h3 O-O 12. Be3 Bd3 13. Bxh6 gxh6 14. Bxd3 Qxd3 15. Qc1 Qg6 16. Re1 Kh8 17. Re4 Rg8 18. Rg4 Qh5 19. Qf4 Rxg4 20. hxg4 Qg6 21. Rd1 Rg8 22. Rd7 h5 23. g5 h6 24. Rxb7 hxg5 25. Qe4 Qxe4 26. Nxe4 Rc8 27. Nexg5 Kg7 28. Ne4 Kf8 29. Kf1 a5 30. Ke2 Nb4 31. Nc3 Nd3 32. g3 Bb4 33. Na4 Be7 34. Nb6 Rd8 35. Nxc4 Nc1+ 36. Kf1 Rd1+ 37. Kg2 Nxa2 38. Nxa5 Nc1 39. Nc6 Bc5 40. Ng5 Rd2 41. Rxf7+ Ke8 42. Rf6 Nd3 43. Nxe6 Bxf2 44. Kf3 Bb6 45. Ke4 Nf2+ 46. Kf5 Ng4 47. Rf8+ Kd7 48. Nb8+ Ke7 49. Nc6+ Kd7 50. Ncd4 Bxd4 51. Rd8+ Ke7 52. Rxd4 Rf2+ 53. Nf4 Ne3+ 54. Kg5 Nf1 55. Rd3 Rxb2 56. Nxh5 Ke6 57. g4 Kxe5 58. Kh6 Rb6+ 59. Kg5 Rb8 60. Nf4 Rg8+ 61. Ng6+ Ke6 62. Kh6 Nh2 63. Rg3 Kf6 64. g5+ Kf5 65. Nh4+ Kf4 66. Rh3 Ng4+ 67. Kh5 Rxg5# 0-1


[Site "https://www.chess.com"]

[Event "Titled Tuesday Blitz August 15 Early 2023"]
[White "Rodchenkov, Sergey D."]
[Black "crazy_m_attack"]
[WhiteFideId "4168712"]
[WhiteElo "2513"]
[BlackElo "2298"]
[Result "1-0"]
[Round "6"]
[TimeControl "180+1"]
[Date "2023.08.15"]
[WhiteClock "0:00:12"]
[BlackClock "0:00:03"]
[Board "113"]

1. e4 e5 2. Nf3 Nc6 3. Bc4 Nf6 4. Ng5 d5 5. exd5 Na5 6. Bb5+ c6 7. dxc6 bxc6 8. Bd3 Ng4 9. Ne4 f5 10. Be2 h5 11. h3 fxe4 12. hxg4 Bc5 13. b4 Qd4 14. bxc5 Qxa1 15. Nc3 e3 16. fxe3 O-O 17. gxh5 Be6 18. Bf3 Bxa2 19. h6 g6 20. O-O Bc4 21. Rf2 Rab8 22. Qe1 Nb7 23. d3 Be6 24. Rf1 Nxc5 25. Qg3 Bf7 26. Qxe5 Ne6 27. Bg4 Rb5 28. Qf6 Rf5 29. Bxf5 gxf5 30. e4 f4 31. Bxf4 Qa5 32. Be5 Kh7 33. Qe7 Qc5+ 34. Qxc5 Nxc5 35. Bd6 1-0


[Site "https://www.chess.com"]

[Event "Titled Tuesday Blitz August 15 Early 2023"]
[White "agvania123"]
[Black "FromTexas54"]
[WhiteElo "2263"]
[BlackElo "2506"]
[Result "1/2-1/2"]
[Round "6"]
[TimeControl "180+1"]
[Date "2023.08.15"]
[WhiteClock "0:01:08"]
[BlackClock "0:00:17"]
[Board "114"]

1. c4 g6 2. Nc3 Bg7 3. d4 d6 4. e4 Nf6 5. Be2 O-O 6. Nf3 e5 7. O-O Bg4 8. dxe5 Bxf3 9. Bxf3 dxe5 10. Bg5 c6 11. Qc2 Na6 12. Rfd1 Qc7 13. a3 Nc5 14. b4 Ne6 15. Be3 Rfd8 16. Rxd8+ Rxd8 17. Rd1 Nd4 18. Qc1 Nxf3+ 19. gxf3 Nh5 20. Ne2 Bf6 21. Rxd8+ Qxd8 22. Qd2 Qxd2 23. Bxd2 Be7 24. Be3 a5 25. c5 axb4 26. axb4 f5 27. exf5 gxf5 28. f4 e4 29. Nd4 Ng7 30. b5 Bxc5 31. bxc6 bxc6 32. Nxc6 Bd6 33. Kg2 Ne6 34. f3 Nxf4+ 35. Bxf4 Bxf4 36. Ne7+ Kf7 37. Nxf5 exf3+ 38. Kxf3 Bxh2 39. Kg4 Be5 40. Nh6+ Kg6 41. Nf5 Bf6 42. Nh4+ Kh6 43. Nf5+ Kg6 44. Nh4+ Kf7 45. Kh5 Ke6 46. Ng6 Kf7 47. Nh4 Bd8 48. Nf3 Kg7 49. Ng5 h6 50. Ne6+ Kf6 51. Nxd8 Ke7 52. Nb7 Kd7 53. Nc5+ Kc6 54. Nd3 Kd5 55. Nf2 Kd4 56. Nd1 Kc5 57. Nf2 Kd6 58. Nh1 Kc7 59. Ng3 Kd8 60. Nf1 Kc8 61. Ne3 Kb8 62. Nc2 Ka7 63. Ne1 Kb6 64. Nd3 Ka6 65. Nf4 Kb5 66. Ne6 Ka4 67. Nc5+ Ka5 68. Na4 Kxa4 69. Kxh6 1/2-1/2


[Site "https://www.chess.com"]

[Event "Titled Tuesday Blitz August 15 Early 2023"]
[White "Azhar, Puteri Munajjah Az-Zahraa"]
[Black "Martinez Reyes, Pedro Ramon"]
[WhiteFideId "5709040"]
[BlackFideId "3901807"]
[WhiteElo "2242"]
[BlackElo "2504"]
[Result "0-1"]
[Round "6"]
[TimeControl "180+1"]
[Date "2023.08.15"]
[WhiteClock "0:00:09"]
[BlackClock "0:00:21"]
[Board "115"]

1. e4 d6 2. d4 Nf6 3. Bd3 g6 4. c3 Bg7 5. Ne2 Nc6 6. O-O e5 7. h3 O-O 8. Be3 exd4 9. cxd4 Nb4 10. Nbc3 Nxd3 11. Qxd3 Re8 12. f4 Nxe4 13. Nxe4 Qe7 14. N2c3 Bf5 15. Nd5 Qxe4 16. Qxe4 Rxe4 17. Nxc7 Rc8 18. Nd5 Kf8 19. Bf2 Bxd4 20. Rac1 Rc5 21. Nc3 Rxf4 22. Ne2 Rxc1 23. Nxf4 Rxf1+ 24. Kxf1 Bxb2 25. Bxa7 Be5 26. Nd5 Be6 27. Nb4 Bc4+ 28. Kf2 Ke7 29. Ke3 Ke6 30. a3 f5 31. Nd3 Bxd3 32. Kxd3 Kd5 33. Bf2 g5 34. g3 g4 35. hxg4 fxg4 36. a4 h5 37. a5 Bb2 38. Be3 Ba3 39. Bb6 Bc5 40. Bc7 Bf2 41. Bd8 Bxg3 42. Bg5 h4 0-1


[Site "https://www.chess.com"]

[Event "Titled Tuesday Blitz August 15 Early 2023"]
[White "Nugumanov, Bakhtiyar"]
[Black "Delorme, Axel"]
[WhiteFideId "13701797"]
[BlackFideId "632023"]
[WhiteElo "2104"]
[BlackElo "2491"]
[Result "1-0"]
[Round "6"]
[TimeControl "180+1"]
[Date "2023.08.15"]
[WhiteClock "0:00:47"]
[BlackClock "0:00:00"]
[Board "116"]

1. e4 c5 2. Nf3 d6 3. d4 cxd4 4. Nxd4 Nf6 5. Nc3 Bd7 6. g3 Nc6 7. Bg2 g6 8. h3 Bg7 9. Be3 Nxd4 10. Bxd4 h5 11. Qd2 Qc8 12. O-O-O O-O 13. Kb1 b5 14. g4 b4 15. Nd5 Nxd5 16. exd5 Bxd4 17. Qxd4 Qc5 18. gxh5 Bf5 19. Qxc5 dxc5 20. hxg6 Bxg6 21. d6 Rae8 22. Bc6 Rc8 23. dxe7 Rxc6 24. exf8=Q+ Kxf8 25. h4 Rf6 26. h5 Bh7 27. Rd8+ Kg7 28. Rh2 Re6 29. Rd1 Re2 30. h6+ Kf6 31. Rc1 c4 32. b3 c3 33. Rh4 a5 34. a3 Rxf2 35. axb4 axb4 36. Rxb4 Kg5 37. Rc4 f5 38. Rxc3 f4 39. b4 Kxh6 40. b5 Re2 41. b6 Re7 42. Rh1+ Kg5 43. Rc7 Re6 44. Rcxh7 Rxb6+ 45. Kc1 f3 46. Rf1 Kg4 47. Rf7 f2 48. R1xf2 1-0


[Site "https://www.chess.com"]

[Event "Titled Tuesday Blitz August 15 Early 2023"]
[White "Vaishali, Rameshbabu"]
[Black "Namitbir Singh Walia"]
[WhiteFideId "5091756"]
[BlackFideId "35071068"]
[WhiteElo "2641"]
[BlackElo "2402"]
[Result "1-0"]
[Round "6"]
[TimeControl "180+1"]
[Date "2023.08.15"]
[WhiteClock "0:00:14"]
[BlackClock "0:00:01"]
[Board "117"]

1. Nf3 d5 2. g3 Nf6 3. Bg2 g6 4. O-O Bg7 5. d4 O-O 6. c4 c6 7. a4 Bf5 8. Nc3 Ne4 9. cxd5 cxd5 10. Qb3 Nxc3 11. bxc3 b6 12. Ne5 Be4 13. f3 Bf5 14. Bf4 Bxe5 15. Bxe5 Nc6 16. e4 Nxe5 17. exf5 Nc4 18. fxg6 hxg6 19. Ra2 Rc8 20. Re2 e6 21. f4 Qc7 22. Rf3 Nd6 23. Rd3 Qc4 24. Qd1 Rc7 25. g4 Rfc8 26. Rf2 Ne4 27. Bxe4 dxe4 28. Rh3 Qd5 29. Qd2 Kf8 30. f5 exf5 31. gxf5 gxf5 32. Qg5 Ke8 33. Rxf5 Qe6 34. Re5 Rxc3 35. Rxe6+ fxe6 36. Rh8+ Kd7 37. Qg7+ Kd6 38. Qe5+ Kd7 39. Rh7+ 1-0


[Site "https://www.chess.com"]

[Event "Titled Tuesday Blitz August 15 Early 2023"]
[White "Hoffmann, Asa"]
[Black "Golubev, Mikhail"]
[WhiteFideId "2001470"]
[BlackFideId "14100983"]
[WhiteElo "2400"]
[BlackElo "2595"]
[Result "0-1"]
[Round "6"]
[TimeControl "180+1"]
[Date "2023.08.15"]
[WhiteClock "0:00:12"]
[BlackClock "0:00:12"]
[Board "118"]

1. d4 g6 2. e4 Bg7 3. Be3 Nf6 4. f3 O-O 5. Nc3 d5 6. e5 Ne8 7. Qd2 c5 8. dxc5 Bxe5 9. Nxd5 Bxb2 10. Rb1 Bg7 11. Bg5 f6 12. Bc4 e6 13. Nc3 Qxd2+ 14. Bxd2 Nc6 15. Nge2 Nc7 16. O-O Rd8 17. Bf4 Na6 18. Bd6 Bf8 19. Rfd1 Nxc5 20. Bxf8 Rxd1+ 21. Rxd1 Kxf8 22. Ne4 Nxe4 23. fxe4 Ke7 24. Bb3 Bd7 25. g4 Ne5 26. h3 b5 27. Kf2 a5 28. a3 Rc8 29. Rd2 Rc7 30. Nf4 Rc3 31. Nd3 a4 32. Nxe5 fxe5 33. Ba2 Rxa3 34. c4 b4 35. Bb1 Ra1 36. Bd3 a3 37. c5 b3 0-1


[Site "https://www.chess.com"]

[Event "Titled Tuesday Blitz August 15 Early 2023"]
[White "Bilan, Danila"]
[Black "Frayna, Janelle Mae"]
[WhiteFideId "24161918"]
[BlackFideId "5212499"]
[WhiteElo "2586"]
[BlackElo "2397"]
[Result "0-1"]
[Round "6"]
[TimeControl "180+1"]
[Date "2023.08.15"]
[WhiteClock "0:00:02"]
[BlackClock "0:00:26"]
[Board "119"]

1. d4 Nf6 2. Nf3 g6 3. Bg5 Bg7 4. c3 O-O 5. Nbd2 d6 6. e4 c5 7. dxc5 dxc5 8. Bc4 Nc6 9. a4 h6 10. Bh4 b6 11. Qc2 Ng4 12. O-O Bb7 13. Rad1 Qc8 14. Rfe1 g5 15. Bg3 Nge5 16. Ba2 Nxf3+ 17. Nxf3 Rd8 18. e5 e6 19. Bb1 Qc7 20. Rd6 Ne7 21. Qh7+ Kf8 22. h4 Bxf3 23. gxf3 gxh4 24. Bxh4 Rxd6 25. Bf6 Bxf6 26. exf6 Rdd8 27. Qh8+ Ng8 28. Qg7+ Ke8 29. Qxg8+ Kd7 30. Qxf7+ Kc8 31. Qxe6+ Qd7 32. Qe4 Kc7 33. Qf4+ Qd6 34. Re7+ Rd7 35. Rxd7+ Kxd7 36. Bf5+ Kc7 37. Qxh6 Rg8+ 38. Kh1 Qd1+ 39. Kh2 Qg1+ 40. Kh3 Qh1# 0-1


[Site "https://www.chess.com"]

[Event "Titled Tuesday Blitz August 15 Early 2023"]
[White "Melikhov, Evgeny V."]
[Black "HamedWafa4"]
[WhiteFideId "4122046"]
[WhiteElo "2392"]
[BlackElo "2586"]
[Result "1-0"]
[Round "6"]
[TimeControl "180+1"]
[Date "2023.08.15"]
[WhiteClock "0:00:25"]
[BlackClock "0:00:23"]
[Board "120"]

1. d4 Nf6 2. c4 e6 3. Nc3 Bb4 4. Qc2 O-O 5. e4 d6 6. e5 dxe5 7. dxe5 Ng4 8. Nf3 Nc6 9. Bf4 Nd4 10. Qd2 Nxf3+ 11. gxf3 Qxd2+ 12. Kxd2 Nh6 13. a3 Bxc3+ 14. Kxc3 Nf5 15. Bd3 Bd7 16. Be4 Bc6 17. b4 Rfd8 18. Rhd1 Nh4 19. b5 Bxe4 20. fxe4 Ng6 21. Bg5 Rxd1 22. Rxd1 Nxe5 23. f4 Ng6 24. f5 Nf8 25. Rd8 Rxd8 26. Bxd8 exf5 27. exf5 c6 28. bxc6 bxc6 29. Kb4 Nd7 30. Ka5 g6 31. fxg6 hxg6 32. Ka6 f5 33. Kxa7 f4 34. Bh4 f3 35. Kb7 g5 36. Bf2 Ne5 37. c5 Nd3 38. Bd4 Kf7 39. Kxc6 Ke6 40. a4 Ne5+ 41. Kb7 Kd5 42. Bf2 Ng4 43. Bg3 Nxh2 44. c6 Nf1 45. Bf2 g4 46. c7 g3 47. Bxg3 Nxg3 48. c8=Q Ke4 49. Qe6+ Kf4 50. Qf6+ Nf5 51. Qb2 Ne3 52. a5 Ng4 53. a6 f2 54. Qxf2+ Nxf2 55. a7 Ke3 56. a8=Q Ne4 57. Kc6 Kd4 58. Qa4+ Ke5 59. Qa5+ Ke6 60. Qd5+ 1-0


[Site "https://www.chess.com"]

[Event "Titled Tuesday Blitz August 15 Early 2023"]
[White "Fernandez Garcia, Gumersindo"]
[Black "Sadykov, Ramil"]
[WhiteFideId "24516740"]
[BlackFideId "24113590"]
[WhiteElo "2396"]
[BlackElo "2584"]
[Result "0-1"]
[Round "6"]
[TimeControl "180+1"]
[Date "2023.08.15"]
[WhiteClock "0:00:00"]
[BlackClock "0:00:56"]
[Board "121"]

1. e4 c5 2. Nf3 e6 3. d4 cxd4 4. Nxd4 Nf6 5. Nc3 Bb4 6. Nb5 O-O 7. a3 Bc5 8. b4 Bb6 9. Be2 d5 10. exd5 exd5 11. O-O Nc6 12. Bg5 Be6 13. Bxf6 Qxf6 14. Nxd5 Bxd5 15. Qxd5 Rad8 16. Qf3 Qb2 17. Bd3 a6 18. Qe4 g6 19. Rab1 Qf6 20. c4 Rfe8 21. Qg4 Rxd3 22. c5 Ne5 0-1


[Site "https://www.chess.com"]

[Event "Titled Tuesday Blitz August 15 Early 2023"]
[White "Gu, Xiaobing"]
[Black "Souleidis, Georgios"]
[WhiteFideId "8602611"]
[BlackFideId "4206827"]
[WhiteElo "2392"]
[BlackElo "2550"]
[Result "0-1"]
[Round "6"]
[TimeControl "180+1"]
[Date "2023.08.15"]
[WhiteClock "0:00:04"]
[BlackClock "0:00:10"]
[Board "122"]

1. e4 c5 2. Nf3 e6 3. g3 Nc6 4. Bg2 Nf6 5. Nc3 d6 6. d4 cxd4 7. Nxd4 Bd7 8. O-O a6 9. Be3 Be7 10. h3 O-O 11. f4 Qc7 12. Kh2 Rfd8 13. Qe2 b5 14. a3 Rab8 15. Rad1 Na5 16. Bc1 Nc4 17. b3 Nxa3 18. Bxa3 Qxc3 19. e5 Ne8 20. f5 b4 21. Rf3 Qc5 22. fxe6 Bxe6 23. Nxe6 fxe6 24. Bb2 dxe5 25. Rxd8 Rxd8 26. Bxe5 Qb5 27. Qe1 Qd7 28. Rd3 Qc8 29. Re3 Bc5 30. Re2 a5 31. Bb2 Nc7 32. Be5 Bd6 33. Bb2 Qd7 34. h4 Qf7 35. Bh3 Re8 36. Rf2 Qe7 37. Re2 Qxh4 38. Re5 Bxe5 39. Qxe5 Qe7 40. Kg2 Rf8 41. Kh2 Re8 42. Kg2 Rd8 43. Kh2 Rd2+ 44. Kg1 Rxc2 45. Bg4 Qc5+ 46. Qxc5 Rxc5 47. Kf2 Rc2+ 48. Ke3 Rxb2 49. Ke4 Kf7 50. Ke5 Nd5 51. Bf3 Rxb3 52. Bg4 Nc7 53. Be2 Rc3 54. Kd4 Ke7 55. Bd1 Rc6 56. Ba4 Rd6+ 57. Ke5 Nd5 58. Bb3 Nc3 59. Ba4 Nxa4 0-1


[Site "https://www.chess.com"]

[Event "Titled Tuesday Blitz August 15 Early 2023"]
[White "Der_Balak_3Halak"]
[Black "Karamsetty, Jeevan"]
[BlackFideId "2025337"]
[WhiteElo "2383"]
[BlackElo "2535"]
[Result "0-1"]
[Round "6"]
[TimeControl "180+1"]
[Date "2023.08.15"]
[WhiteClock "0:00:05"]
[BlackClock "0:00:11"]
[Board "123"]

1. e4 g6 2. d4 d6 3. Be3 Bg7 4. Qd2 a6 5. Nc3 b5 6. a3 Bb7 7. f3 Nd7 8. Nge2 c5 9. h4 h5 10. g4 hxg4 11. fxg4 b4 12. axb4 cxb4 13. Nd5 Ngf6 14. Bg2 Nxg4 15. Bg5 Bxd5 16. exd5 a5 17. Nf4 Ngf6 18. Ne6 fxe6 19. dxe6 Nb6 20. Bc6+ Kf8 21. Qd3 Qc8 22. d5 Kg8 23. Qxg6 Rh7 24. O-O-O a4 25. h5 a3 26. h6 axb2+ 27. Kxb2 Nc4+ 28. Kb3 Na5+ 29. Kb2 Nxc6 30. hxg7 Rxg7 31. Qh6 Nh7 32. Rdg1 Qa6 33. Qxh7+ Rxh7 34. Bf6+ Kf8 35. Rxh7 Qa3+ 36. Kb1 Qa2+ 37. Kc1 Qa3+ 38. Bb2 Qe3+ 39. Kb1 Qxg1+ 40. Bc1 Ra1+ 41. Kxa1 Qxc1+ 42. Ka2 Qxc2+ 43. Ka1 Qxh7 44. Ka2 Qc2+ 45. Ka1 b3 46. dxc6 Qa2# 0-1


[Site "https://www.chess.com"]

[Event "Titled Tuesday Blitz August 15 Early 2023"]
[White "Fuzesabonyilaci"]
[Black "Ismayil, Malak"]
[BlackFideId "13412604"]
[WhiteElo "2380"]
[BlackElo "2533"]
[Result "1-0"]
[Round "6"]
[TimeControl "180+1"]
[Date "2023.08.15"]
[WhiteClock "0:00:07"]
[BlackClock "0:00:11"]
[Board "124"]

1. e4 e5 2. Nf3 Nc6 3. Bc4 Bc5 4. c3 Nf6 5. d3 d6 6. O-O h6 7. a4 a6 8. Re1 O-O 9. h3 Be6 10. Bxe6 fxe6 11. b4 Bb6 12. Na3 Qe8 13. Nc4 Ba7 14. Rb1 b5 15. Ncd2 Nh5 16. Nf1 Nf4 17. Be3 Qg6 18. Ng3 Bxe3 19. Rxe3 Rf6 20. Ra1 Raf8 21. axb5 axb5 22. Ra6 Nb8 23. Ra8 Nd7 24. Rxf8+ Nxf8 25. Qa1 Qf7 26. Nh2 h5 27. Qa2 h4 28. Ngf1 Nd7 29. Ng4 Rg6 30. Nfh2 Nb6 31. Nf3 Qe7 32. Qa6 Qd7 33. Nxh4 Rg5 34. Nf3 Rg6 35. Qb7 Kh7 36. Re1 Qf7 37. Re3 Nh5 38. Qc6 Qd7 39. Qxd7 Nxd7 40. Re2 Nhf6 41. Nxf6+ Rxf6 42. Ra2 Nb6 43. Ra5 d5 44. Rxb5 dxe4 45. dxe4 Rf4 46. Rxe5 Nc4 47. Rxe6 Rf8 48. Ng5+ Kg8 49. Rc6 Ne5 50. Rxc7 Nd3 51. Rxg7+ Kxg7 52. Ne6+ Kf7 53. Nxf8 Kxf8 54. h4 Ne5 55. f4 Ng4 56. g3 Ke7 57. Kg2 Ke6 58. Kf3 Nf6 59. c4 Nd7 60. g4 Nb6 61. h5 Nxc4 62. g5 Kf7 63. f5 Ne5+ 64. Kf4 Nd3+ 65. Ke3 Nxb4 66. Kd4 Nc6+ 67. Kd5 Nb4+ 68. Kd6 Nc2 69. e5 Ne3 70. g6+ Kf8 71. f6 Nf5+ 72. Kd7 Nd4 73. e6 Nxe6 74. Kxe6 Kg8 75. h6 Kh8 76. g7+ Kh7 77. f7 Kxh6 78. f8=Q Kg5 79. g8=Q+ Kh5 80. Qf5+ Kh4 81. Qfh7# 1-0


[Site "https://www.chess.com"]

[Event "Titled Tuesday Blitz August 15 Early 2023"]
[White "Mogirzan, Matei-Valeriu"]
[Black "Rietze, Clemens, Dr."]
[WhiteFideId "1257455"]
[BlackFideId "24620351"]
[WhiteElo "2531"]
[BlackElo "2379"]
[Result "0-1"]
[Round "6"]
[TimeControl "180+1"]
[Date "2023.08.15"]
[WhiteClock "0:00:02"]
[BlackClock "0:00:18"]
[Board "125"]

1. e4 c5 2. Nf3 Nc6 3. d4 cxd4 4. Nxd4 Nf6 5. Nc3 d6 6. Bc4 e6 7. Bb3 Be7 8. Be3 a6 9. g4 Nd7 10. Bxe6 fxe6 11. Nxe6 Qa5 12. Nxg7+ Kf7 13. Nf5 Nde5 14. g5 Bxf5 15. exf5 Rag8 16. Qh5+ Kf8 17. f6 Bxf6 18. Qh6+ Bg7 19. Qxd6+ Kf7 20. Qd1 Rd8 21. Qh5+ Ng6 22. O-O Qf5 23. Ne2 Ne5 24. h3 Qf3 25. Qxf3+ Nxf3+ 26. Kg2 Nfh4+ 27. Kh1 Nf5 28. Ng3 Ngh4 29. Rad1 b5 30. Bb6 Rxd1 31. Rxd1 Bxb2 32. Ne4 Kg6 33. c3 Ba3 34. Rd7 Re8 35. Nf6 Re1+ 36. Kh2 Bd6+ 37. Rxd6 Nxd6 38. Kg3 Nhf5+ 39. Kf4 Ra1 40. Kg4 h5+ 41. gxh6 Nxh6+ 42. Kh4 Kxf6 43. Kh5 Nhf7 0-1


[Site "https://www.chess.com"]

[Event "Titled Tuesday Blitz August 15 Early 2023"]
[White "Korpics, Zsolt"]
[Black "Toropov, Pavel"]
[WhiteFideId "705241"]
[BlackFideId "24129178"]
[WhiteElo "2376"]
[BlackElo "2512"]
[Result "1-0"]
[Round "6"]
[TimeControl "180+1"]
[Date "2023.08.15"]
[WhiteClock "0:00:17"]
[BlackClock "0:01:11"]
[Board "126"]

1. e4 e6 2. d4 d5 3. Bd3 dxe4 4. Bxe4 Nf6 5. Bf3 c5 6. Ne2 Nc6 7. Be3 Qb6 8. Nbc3 cxd4 9. Nxd4 Nxd4 10. Bxd4 Bc5 11. Bxc5 Qxc5 12. O-O O-O 13. Qd3 Rb8 14. Rad1 b5 15. Rd2 b4 16. Ne4 Nxe4 17. Bxe4 g6 18. Rfd1 Rb6 19. Qf3 Ba6 20. Rd8 Rb8 21. Rxb8 Rxb8 22. Qf6 Bb5 23. h4 a5 24. g4 a4 25. h5 gxh5 26. Qh6 f5 27. gxf5 exf5 28. Bd5+ Kh8 29. Qf6# 1-0


[Site "https://www.chess.com"]

[Event "Titled Tuesday Blitz August 15 Early 2023"]
[White "Nosacheva, Mariya"]
[Black "Kovalevsky, Stanislav"]
[WhiteFideId "34111422"]
[BlackFideId "13508598"]
[WhiteElo "2375"]
[BlackElo "2506"]
[Result "0-1"]
[Round "6"]
[TimeControl "180+1"]
[Date "2023.08.15"]
[WhiteClock "0:00:10"]
[BlackClock "0:00:09"]
[Board "127"]

1. e4 c6 2. d4 d5 3. e5 c5 4. dxc5 e6 5. a3 Bxc5 6. b4 Be7 7. Qg4 g6 8. Bd3 Nc6 9. Bb2 Nh6 10. Qe2 Nf5 11. Nf3 Qb6 12. Nc3 Nfd4 13. Na4 Nxf3+ 14. Qxf3 Qc7 15. O-O Bd7 16. Rfe1 Na5 17. bxa5 Bxa4 18. a6 bxa6 19. c4 Bc6 20. cxd5 Bxd5 21. Qh3 O-O 22. Bc1 Rfd8 23. Bh6 Rab8 24. Bxa6 Rb3 25. Qg4 Rxa3 26. Rxa3 Bxa3 27. Qa4 Qc3 28. Kf1 Bxg2+ 29. Kxg2 Qxe1 30. Qxa3 Qe4+ 31. Qf3 Qxe5 32. Bf1 Rd5 33. Bc4 Rd8 34. Be3 Qf5 35. Qxf5 gxf5 36. Bxa7 Rc8 37. Be2 Kg7 38. Bd4+ Kg6 39. h4 Rc2 40. h5+ Kg5 41. Bf3 f6 42. Bd1 Rc4 43. Bb2 f4 44. Bf3 e5 45. Ba3 h6 46. Be7 e4 47. Be2 f3+ 48. Bxf3 exf3+ 49. Kxf3 Rc7 50. Bd6 Rf7 51. Bf4+ Kxh5 52. Kg3 Kg6 53. Kh3 Re7 54. f3 Re2 55. Kg3 h5 56. Bc1 Re1 57. Ba3 Rg1+ 58. Kh2 Ra1 59. Bb2 Ra2 60. Kh3 Rxb2 0-1


[Site "https://www.chess.com"]

[Event "Titled Tuesday Blitz August 15 Early 2023"]
[White "FunnyDuck66"]
[Black "Topalov, Aleksandar"]
[BlackFideId "925659"]
[WhiteElo "2495"]
[BlackElo "2369"]
[Result "1-0"]
[Round "6"]
[TimeControl "180+1"]
[Date "2023.08.15"]
[WhiteClock "0:00:11"]
[BlackClock "0:00:00"]
[Board "128"]

1. d4 e6 2. c4 f5 3. Nc3 Nf6 4. Bg5 Bb4 5. e3 O-O 6. Bd3 b6 7. Ne2 Bb7 8. f3 d6 9. O-O Bxc3 10. Nxc3 Nbd7 11. Qc2 Qe8 12. Rae1 Qg6 13. Bh4 a6 14. d5 Ne5 15. e4 fxe4 16. fxe4 Rae8 17. Bg3 Nfg4 18. dxe6 Rxf1+ 19. Bxf1 Rxe6 20. Nd5 Qf7 21. Be2 Nf6 22. Rf1 Bxd5 23. exd5 Re7 24. Bh4 Ng6 25. Bg4 Nxh4 26. Be6 Rxe6 27. dxe6 Qxe6 28. Qf2 Ng6 29. Re1 Qxc4 30. Qe3 Qc5 31. Qxc5 bxc5 32. Kf2 Kf7 33. Re3 Ne5 34. Ra3 Nc4 35. Rxa6 Nxb2 36. Ra7 Nd5 37. Ke2 Nc4 38. a4 Ke6 39. a5 Ke5 40. a6 Kd4 41. Ra8 Ncb6 42. Rg8 c4 43. a7 c3 44. a8=Q Nxa8 45. Rxa8 Kc4 46. Kd1 Kd3 47. Kc1 c5 48. Rd8 Nb4 49. Rxd6+ Kc4 50. Rd7 Kb3 51. Rb7 Kc4 52. Rxg7 Kb3 53. Rb7 Kc4 54. g4 Kd3 55. Rd7+ 1-0


[Site "https://www.chess.com"]

[Event "Titled Tuesday Blitz August 15 Early 2023"]
[White "Reprintsev, Alexander"]
[Black "Ovezdurdyyeva, Jemal"]
[WhiteFideId "14100541"]
[BlackFideId "14001888"]
[WhiteElo "2491"]
[BlackElo "2366"]
[Result "0-1"]
[Round "6"]
[TimeControl "180+1"]
[Date "2023.08.15"]
[WhiteClock "0:00:09"]
[BlackClock "0:00:47"]
[Board "129"]

1. e4 d6 2. d4 Nf6 3. Nc3 g6 4. h4 h5 5. Nf3 c6 6. Ng5 b5 7. f3 Bg7 8. a4 b4 9. Ne2 O-O 10. Be3 Ba6 11. Nf4 Bxf1 12. Rxf1 Nbd7 13. g4 e5 14. Nfe6 fxe6 15. Nxe6 Qe7 16. Nxf8 Rxf8 17. dxe5 Nxe5 18. g5 Nfd7 19. Qe2 Qf7 20. f4 Nc4 21. Bxa7 Bxb2 22. Rb1 Bc3+ 23. Kd1 c5 24. Rb3 Nde5 25. Rf2 Ng4 26. Rf3 Nb2+ 27. Kc1 Qxa7 28. Rxb2 Bxb2+ 29. Kxb2 Qxa4 30. Qc4+ Kg7 31. Qe6 Qe8 32. Qxd6 Qxe4 33. Rd3 Qxf4 34. Qxc5 Qe5+ 35. Qxe5+ Nxe5 36. Rd4 Nc6 37. Rd6 Rc8 38. Rd7+ Kg8 39. Kb3 Ne5 40. Rd5 Nf3 41. Rd6 Nxh4 42. Kxb4 Rxc2 43. Kb5 Rg2 44. Kc6 Rxg5 45. Kd7 Rf5 46. Ke6 Nf3 47. Ke7 Kg7 48. Rd8 h4 49. Ke6 h3 50. Rd1 h2 51. Rh1 Re5+ 52. Kd6 Re1 0-1


[Site "https://www.chess.com"]

[Event "Titled Tuesday Blitz August 15 Early 2023"]
[White "LeoLV10"]
[Black "FlemingA"]
[WhiteElo "2487"]
[BlackElo "2365"]
[Result "0-1"]
[Round "6"]
[TimeControl "180+1"]
[Date "2023.08.15"]
[WhiteClock "0:00:05"]
[BlackClock "0:00:04"]
[Board "130"]

1. e4 Nc6 2. d4 d5 3. e5 Bf5 4. c3 e6 5. h4 h5 6. Bd3 Nge7 7. Nf3 Qd7 8. Bb5 a6 9. Ba4 b5 10. Bb3 Na5 11. Nbd2 Nxb3 12. axb3 Ng6 13. b4 Be7 14. Nb3 O-O 15. Bg5 f6 16. exf6 gxf6 17. Bh6 Rf7 18. O-O Bg4 19. Qd3 Kh7 20. Bc1 Rg7 21. Nh2 Bf5 22. Qf3 Kg8 23. Qxh5 Rh7 24. Qe2 Nxh4 25. Bf4 Kf7 26. Bg3 Ng6 27. Ng4 Bxg4 28. Qxg4 Rah8 29. f3 f5 30. Qxg6+ Kxg6 31. Kf2 Qc6 32. Rfe1 Kf7 33. Na5 Qd7 34. Nb3 Ra8 35. Nc1 Bd6 36. Bxd6 cxd6 37. Nd3 Qe7 38. Rh1 Rxh1 39. Rxh1 Kg7 40. Nf4 Rh8 41. Rxh8 e5 42. Nxd5 Qb7 43. Rd8 Qxd5 44. Rd7+ Kf6 45. dxe5+ Kxe5 46. Re7+ Kf6 47. Re2 Qb3 48. Rd2 d5 49. Ke3 Qc4 50. g3 Ke5 51. Rd4 Qb3 52. Rd2 Ke6 53. Rh2 Qa4 54. Rh6+ Kf7 55. Rh7+ Kg6 56. Rh2 a5 57. bxa5 Qxa5 58. Rd2 Qa4 59. Rd4 Qb3 60. Rb4 Qc2 61. Rxb5 Qc1+ 62. Kd4 Qd2+ 63. Ke5 Qe3+ 64. Kd6 Qxf3 65. Rxd5 Qxg3+ 66. Kc6 Qg2 67. b4 f4 68. b5 f3 69. b6 f2 70. b7 f1=Q 71. b8=Q Qc4+ 72. Kb6 Qcxd5 73. Qe8+ Qf7 74. Qe4+ Qxe4 0-1


[Site "https://www.chess.com"]

[Event "Titled Tuesday Blitz August 15 Early 2023"]
[White "arenal72"]
[Black "arturdailima"]
[WhiteElo "2487"]
[BlackElo "2360"]
[Result "1-0"]
[Round "6"]
[TimeControl "180+1"]
[Date "2023.08.15"]
[WhiteClock "0:01:01"]
[BlackClock "0:00:01"]
[Board "131"]

1. e4 c5 2. Nf3 d6 3. d4 cxd4 4. Nxd4 Nf6 5. Nc3 a6 6. Qe2 Nbd7 7. h3 g6 8. g3 Bg7 9. Bg2 O-O 10. Bg5 Qa5 11. f4 h6 12. Bh4 g5 13. Nb3 Qb4 14. fxg5 hxg5 15. Bxg5 a5 16. Bd2 Qb6 17. Qf2 a4 18. Qxb6 Nxb6 19. Nc1 Nc4 20. Nd3 a3 21. b3 Nxd2 22. Kxd2 Be6 23. Rae1 Ra5 24. Ne2 Bh6+ 25. Kd1 Rc8 26. Nd4 Bd7 27. g4 e5 28. Nf5 Bxf5 29. exf5 Rc7 30. Bf3 Ra8 31. g5 Bxg5 32. Rhg1 Nh7 33. h4 f6 34. hxg5 Nxg5 35. Bd5+ Kg7 36. c4 Rh8 37. Rh1 Rxh1 38. Rxh1 e4 39. Nf4 Re7 40. Ne6+ Nxe6 41. Bxe6 b6 42. Ke2 d5 43. cxd5 Rc7 44. Ke3 Rc2 45. Rg1+ Kh6 46. d6 Rxa2 47. d7 Rb2 48. d8=Q 1-0


[Site "https://www.chess.com"]

[Event "Titled Tuesday Blitz August 15 Early 2023"]
[White "Amanov, Zhanibek"]
[Black "Baches Garcia, Guillermo"]
[WhiteFideId "13700189"]
[BlackFideId "2209764"]
[WhiteElo "2356"]
[BlackElo "2486"]
[Result "1-0"]
[Round "6"]
[TimeControl "180+1"]
[Date "2023.08.15"]
[WhiteClock "0:00:05"]
[BlackClock "0:00:00"]
[Board "132"]

1. e4 c5 2. Nf3 d6 3. Bb5+ Bd7 4. Bxd7+ Qxd7 5. O-O Nf6 6. Re1 Nc6 7. c3 e6 8. d4 cxd4 9. cxd4 d5 10. e5 Ne4 11. Nbd2 Nxd2 12. Bxd2 Bb4 13. a3 Bxd2 14. Qxd2 O-O 15. Re3 Rac8 16. h4 Ne7 17. g4 Rc4 18. h5 h6 19. Nh4 f6 20. Rae1 Qc6 21. R1e2 Qb6 22. Rd3 Nc6 23. Ng6 Rf7 24. exf6 Rxf6 25. g5 hxg5 26. Qxg5 Nxd4 27. Red2 Nf3+ 28. Rxf3 Rxf3 29. h6 Qc7 30. Ne7+ Kf7 31. Qxg7+ Ke8 32. h7 Rf7 33. h8=Q+ Kxe7 34. Qhf8+ Kd7 35. Qgxf7+ Kc6 36. Qxc7+ Kxc7 37. Qe7+ 1-0


[Site "https://www.chess.com"]